 Dungeon Crawl Stone Soup version 0.29-a0-338-g1ff7896281 (webtiles) character file.

Game seed: 2335259746113272039

25 Dauddaud the Chopper (level 2, -3/26 HPs)
             Began as a Minotaur Berserker on Apr 18, 2022.
             Was a Follower of Trog.
             Succumbed to Sigmund's poison
             ... on level 2 of the Dungeon.
             The game lasted 00:02:07 (1277 turns).

Dauddaud the Chopper (Minotaur Berserker)           Turns: 1277, Time: 00:02:08

Health: -3/26      AC:  5    Str: 21    XL:     2   Next: 82%
Magic:  1/1        EV: 11    Int:  4    God:    Trog [*.....]
Gold:   74         SH:  0    Dex:  9    Spells: 1/1 levels left

rFire   . . .      SeeInvis .   a - +0 hand axe
rCold   . . .      Faith    .   (no shield)
rNeg    . . .      Spirit   .   g - +0 ring mail
rPois   .          Reflect  .   (helmet restricted)
rElec   .          Harm     .   (no cloak)
rCorr   .          Rampage  .   (no gloves)
Will    .....                   (no boots)
Stlth   ..........              (no amulet)
HPRegen 0.08/turn               (no ring)
MPRegen 0.07/turn               (no ring)

@: confused, lethally poisoned (-3 -> -19), on berserk cooldown, slowed, very
slow
A: horns 2, retaliatory headbutt
a: Renounce Religion, Berserk


You were on level 2 of the Dungeon.
You worshipped Trog.
Trog was aware of your devotion.
You visited 1 branch of the dungeon, and saw 2 of its levels.

You collected 74 gold pieces.

Inventory:

Hand Weapons
 a - a +0 hand axe (weapon)
Armour
 b - a +0 animal skin
 g - a +0 ring mail (worn)
Scrolls
 h - a scroll of identify {unknown}
Potions
 c - 2 potions of attraction {unknown}
 d - 2 potions of heal wounds {unknown}
 e - a potion of might {unknown}
 f - a potion of haste {unknown}


   Skills:
 - Level 3.6 Fighting
 + Level 5.0 Axes
 - Level 2.4 Armour
 - Level 2.1 Dodging


You had one spell level left.
You didn't know any spells.
Your spell library was empty.

Dungeon Overview and Level Annotations

Branches:
Dungeon (2/15)

Altars:

Shops:
D:1 ?

Annotations:
D:2 Sigmund


Innate Abilities, Weirdness & Mutations

You have a pair of horns on your head.
You reflexively headbutt those who attack you in melee.


Message History

The quokka bites you but does no damage.
Something barely misses you.
The goblin shoots a sling bullet.
The sling bullet closely misses you.
You barely miss the quokka. The quokka barely misses you.
You closely miss the quokka. You headbutt the quokka.
You kill the quokka!
Trog accepts your kill.
The goblin shoots a sling bullet.
The sling bullet barely misses you. Something hits you!
The goblin shoots a sling bullet.
You miss something. You barely miss something.
You hear some strange, mumbled words.
You are confused.
You're too confused to move!
Something hits you.
You are poisoned.
The goblin unwields a +0 hunting sling.
The goblin wields a +0 club.
The goblin hits you but does no damage.
You feel a strong urge to attack something.
You feel very sick.
You slash the goblin!
You kill the goblin!
Trog accepts your kill.
You slash something!
You feel sick.
You hear some strange, mumbled words.
A puff of flame appears from out of thin air!
The puff of flame hits you!
Your Axes skill increases to level 5!
You feel sick.
Unknown command.
You feel a strong urge to attack something.
You are no longer berserk.
You are exhausted.
You feel yourself slow down.
* * * LOW HITPOINT WARNING * * *
You feel sick. Something hits you.
* * * LOW HITPOINT WARNING * * *
You are more poisoned.
You see here a quokka corpse.
You die...

#................<
#.....(....[.......
#...8..........# .#
##8...8.........#.#
#.........###.#.#.###
.#[........... ......
#.#.......#######..#
................#..###
#.#.............@....#
.#....)........†.!...#
.#..............{....#
##8...8........)....#
#...8............>..#
#........#..........#
#........#............
#.#....................
.#.#...............#...


There were no monsters in sight!

Vanquished Creatures
  2 bats (D:1)
  4 endoplasms (D:1)
  A giant cockroach (D:2)
  3 goblins
  A hobgoblin (D:1)
  2 quokkas
  A ball python (D:1)
  4 kobolds (D:1)
  4 rats (D:1)
22 creatures vanquished.

Notes
Turn   | Place    | Note
-------+----------+-------------------------------------------
     0 | D:1      | Dauddaud the Minotaur Berserker began the quest for the
                  | Orb.
     0 | D:1      | Reached XP level 1. HP: 19/19 MP: 0/0
   124 | D:1      | Found a faded altar of an unknown god.
   127 | D:1      | Noticed a floating eye
   130 | D:1      | Noticed a great orb of eyes
   133 | D:1      | Noticed an eye of devastation
   133 | D:1      | Noticed a great orb of eyes
   140 | D:1      | Reached skill level 4 in Axes
   507 | D:1      | Found Tofi's Magic Scroll Shoppe.
   512 | D:1      | Reached XP level 2. HP: 24/26 MP: 1/1
  1262 | D:2      | Noticed Sigmund
  1275 | D:2      | Reached skill level 5 in Axes
  1277 | D:2      | Succumbed to Sigmund's poison

Illustrated notes

Levels and vault maps discovered:
D:1:      amcnicky_arrival_blooded_trapdoor, layout_loops_corners, serial_shops,
          shop, hellmonk_ecumenical_altar_watching_god
D:2:      wad_pebble_path, layout_basic, lemuel_another_geyser, uniq_sigmund

Skill      XL: |  1  2 |
---------------+-------+-----
Axes           | 4 5 |  5.0
Fighting       | |  3.6
Armour         | |  2.4
Dodging        | |  2.1

Action                   || total
-------------------------++-------
Melee: Hand axe          ||    49
       Headbutt          ||     7
Invok: Berserk           ||     1
Armor: Animal skin       ||     7
       Ring mail         ||     5
Dodge: Dodged            ||    33

Table legend: (Time is in decaauts)
 A = Elapsed time spent in this place.
 B = Non-inter-level travel time spent in this place.
 C = Inter-level travel time spent in this place.
 D = Time resting spent in this place.
 E = Time spent auto-exploring this place.
 F = Levels seen in this place.
 G = Mean time per level.
                   A        B        C        D        E       F      G
               +--------+--------+--------+--------+--------+-----+--------+
         Total |   1277 |   1276 |      1 |      0 |   1118 |   2 |  638.5 |
       Dungeon |   1277 |   1276 |      1 |      0 |   1118 |   2 |  638.5 |
               +--------+--------+--------+--------+--------+-----+--------+

Top non-repeatable levels by time:
     D:1: 1227 daAuts
     D:2: 49 daAuts
